 Dungeon Crawl Stone Soup version 0.17.1-1-g73c8601 (webtiles) character file.

128 Herrn the Skirmisher (level 5, -1/49 HPs)
             Began as a Naga Fighter on Jan 1, 2016.
             Slain by Duvessa
             ... wielding a +1 rapier of freezing
              (4 damage)
             ... on level 4 of the Dungeon.
             The game lasted 00:08:02 (2857 turns).

Herrn the Skirmisher (Naga Fighter)                 Turns: 2857, Time: 00:08:02

Health: -1/49      AC: 10    Str: 28    XL:     5   Next: 12%
Magic:  5/5        EV: 11    Int: 10    God:
Gold:   142        SH: 10    Dex: 15    Spells: 0 memorised, 4 levels left

rFire  x . .     SeeInvis +     a - +0 war axe
rCold  . . .     Clarity  .     y - +4 scale mail "Wycipep" {*Confuse rPois rF- Str+10}
rNeg   . . .     SustAt   .     c - +0 shield
rPois  +         Gourm    .     (no helmet)
rElec  .         Spirit   .     (no cloak)
rCorr  .         Warding  .     n - +0 pair of gloves
rMut   .         Stasis   +     (no barding)
MR     .....                    x - amulet of stasis
Stlth  +.........               (no ring)
                                p - ring of teleportation (curse)

@: agile, lethally poisoned (-1 -> -3), flying, glowing, very slow, not
resistant to hostile enchantments, very unstealthy
A: see invisible, deformed body, poison resistance, slowness 2, slow metabolism
1, spit poison 2, AC +1
a: Spit Poison, Evoke Teleportation


You were on level 4 of the Dungeon.
You were not hungry.

You visited 1 branch of the dungeon, and saw 4 of its levels.

You collected 142 gold pieces.

Inventory:

Hand Weapons
 a - a +0 war axe (weapon)
Armour
 b - a +0 scale mail
 c - a +0 shield (worn)
 n - a +0 pair of gloves (worn)
 y - the +4 scale mail "Wycipep" (worn) {*Confuse rPois rF- Str+10}
   (You found it on level 4 of the Dungeon)

   It affects your strength (+10).
   It makes you vulnerable to fire.
   It protects you from poison.
   It may confuse you when you take damage.
Jewellery
 p - a cursed ring of teleportation (left hand)
 x - an amulet of stasis (around neck)
Scrolls
 f - 3 scrolls of teleportation
 g - a scroll of blinking
 k - 2 scrolls of noise {unknown}
 l - 2 scrolls of fear
 m - a scroll of fog {unknown}
 q - a scroll of recharging {unknown}
 r - a scroll of remove curse {unknown}
 s - 2 scrolls of enchant weapon {unknown}
Potions
 d - a potion of might
 o - 2 potions of poison
 t - a potion of curing {unknown}
 u - a potion of mutation {unknown}
 w - a potion of flight
Comestibles
 e - a bread ration
 h - a meat ration
 i - a slice of pizza
 j - 2 royal jellies


   Skills:
 + Level 3.4 Fighting
 * Level 3.3 Axes
 + Level 2.9 Armour
 + Level 1.0 Dodging
 + Level 3.1 Shields


You had 4 spell levels left.
You didn't know any spells.

Dungeon Overview and Level Annotations

Branches:
Dungeon (4/15)
 Temple: D:4-7

Altars:
Nemelex Xobeh

Annotations:
D:4 Dowan, Duvessa


Innate Abilities, Weirdness & Mutations

You cannot wear boots.
Your serpentine skin is tough (AC +1).
You have supernaturally acute eyesight.
Armour fits poorly on your strangely shaped body.
Your system is resistant to poisons.
You cover ground very slowly.
You have a slow metabolism.
You can spit poison.


Message History

Dowan casts a spell at Duvessa.
Duvessa seems to speed up.
You hit Dowan.
Dowan is almost dead.
You closely miss Duvessa.
Duvessa is severely wounded.
Duvessa hits you but does no damage. You block Dowan's attack.
Unknown command.
Drink which item? (? for menu, Esc to quit)
It was a potion of flight.
You feel very buoyant.
You fly up into the air.
You block Duvessa's attack. Dowan hits you but does no damage.
You block Duvessa's attack.
Drink which item? (? for menu, Esc to quit)
It was a potion of agility.
You feel agile all of a sudden.
* * * LOW HITPOINT WARNING * * *
You feel sick.
Duvessa hits you with a rapier of freezing.
You die...

#. # #..
.# #..
#.## #..#
...
###..##
...
.....##.#
#..e..#
##.e@#.#
#......#
#...$..#
#.....##
#.#<...#
#.###.##
#.# .#
#.# .#
#.# ..


You could see Duvessa and Dowan.

Vanquished Creatures
  5 adders
  2 oozes
  An adder skeleton (D:3)
  A worm (D:2)
  2 giant cockroaches
  8 goblins
  12 hobgoblins
  7 jackals
  A quokka (D:3)
  A ball python (D:3)
  10 bats
  3 giant newts
  7 kobolds
  11 rats
  A bush (D:3)
  A plant (D:3)
73 creatures vanquished.

Notes
Turn   | Place    | Note
--------------------------------------------------------------
     0 | D:1      | Herrn the Naga Fighter began the quest for the Orb.
     0 | D:1      | Reached XP level 1. HP: 21/21 MP: 1/1
   240 | D:1      | Reached XP level 2. HP: 25/28 MP: 2/2
   608 | D:1      | Reached XP level 3. HP: 34/34 MP: 3/3
  1276 | D:2      | Reached XP level 4. HP: 37/42 MP: 4/4
  1703 | D:2      | Reached skill level 1 in Dodging
  2421 | D:3      | Reached XP level 5. HP: 49/49 MP: 5/5
  2513 | D:3      | Found a sparkling altar of Nemelex Xobeh.
  2819 | D:4      | Got an ancient scale mail
  2830 | D:4      | Identified the +4 scale mail "Wycipep" {*Confuse rPois rF- Str+10} (You found it on level 4 of the Dungeon)
  2835 | D:4      | Noticed Duvessa
  2836 | D:4      | Noticed Dowan
  2857 | D:4      | Slain by Duvessa

Action                   |  1- 3 |  4- 6 || total
-------------------------+-------+-------++-------
Melee: War axe           |    78 |   207 ||   285
 Abil: Spit Poison       |    14 |    20 ||    34
  Use: Scroll            |       |     4 ||     4
       Potion            |       |     3 ||     3
  Eat: Chunk             |     1 |     6 ||     7
